 Dungeon Crawl Stone Soup version 0.20.1-2-g1830e616b0 (webtiles) character file.

195 Alfie the Shooter (level 5, -3/45 HPs)
             Began as a Minotaur Hunter on Feb 12, 2020.
             Slain by a gnoll shaman
             ... wielding a +0 club
              (7 damage)
             ... on level 4 of the Dungeon.
             The game lasted 00:09:00 (2150 turns).

Alfie the Shooter (Minotaur Hunter)                 Turns: 2150, Time: 00:09:00

Health: -3/45      AC:  7    Str: 15 (17) XL:     5   Next: 45%
Magic:  4/4        EV: 12    Int: 11 (13) God:
Gold:   74         SH:  0    Dex:  8 (11) Spells: 4/4 levels left

rFire    + . .     SeeInvis .   b - +0 short sword
rCold    . . .     Gourm    .   (no shield)
rNeg     . . .     Faith    .   c - +2 leather armour
rPois    .         Spirit   .   (helmet restricted)
rElec    .         Reflect  .   (no cloak)
rCorr    .         Harm     .   (no gloves)
MR       .....                  n - +1 pair of boots
Stlth    +.........             (no amulet)
Regen    0.2/turn               t - ring of protection from fire
MPRegen  0.1/turn               (no ring)

@: brilliant
A: retaliatory headbutt, horns 2
a: no special abilities


You were on level 4 of the Dungeon.
You were not hungry.

You visited 1 branch of the dungeon, and saw 4 of its levels.

You collected 74 gold pieces.

Inventory:

Hand Weapons
 a - a +1 shortbow
 b - a +0 short sword (weapon)
Missiles
 d - 40 arrows
 i - 9 poisoned needles
 u - 3 tomahawks (quivered)
Armour
 c - a +2 leather armour (worn)
 n - a +1 pair of boots (worn)
Jewellery
 r - a +4 ring of intelligence
 t - a ring of protection from fire (left hand)
Wands
 k - a wand of lightning (8/15)
Scrolls
 e - a scroll of fog
 g - 2 scrolls of remove curse
 m - 2 scrolls of magic mapping
 q - a scroll of recharging
Potions
 h - a potion of flight
Comestibles
 f - 3 bread rations
 j - a meat ration


   Skills:
 + Level 3.3 Fighting
 + Level 0.7 Short Blades
 + Level 6.6 Bows
 + Level 1.4 Armour
 + Level 2.6 Dodging
 + Level 0.8 Stealth


You had 4 spell levels left.
You didn't know any spells.

Dungeon Overview and Level Annotations

Branches:
Dungeon (4/15)
 Temple: D:4-7

Altars:

Annotations:
D:4 Alfie's ghost, amateur HuHu


Innate Abilities, Weirdness & Mutations

You reflexively headbutt those who attack you in melee.
You have a pair of horns on your head.


Message History

A gnoll comes into view. It is wielding a halberd.
It was a potion of brilliance.
You feel clever all of a sudden.
The gnoll shouts!
The gnoll shaman misses you. You furiously retaliate!
You headbutt the gnoll shaman. Alfie's ghost misses you.
As you read the scroll of teleportation, it crumbles to dust.
You feel strangely unstable.
The gnoll shaman hits you but does no damage.
Alfie's ghost closely misses you. The gnoll shaman hits you with a club.
* * * LOW HITPOINT WARNING * * *
2 gnolls come into view.
Your surroundings suddenly seem different.
The gnoll shouts!
The gnoll shaman shouts!
The gnoll shaman closely misses you.
The gnoll shaman calls down the wrath of its god upon you.
You resist with some effort. The gnoll shaman hits you with a club!
You die...

#.......#W.# #.......#..#
#.......#..# ##.....#..##
#####......g..#
#.......g.....#
#............##
#....#..g....#
#....#.@...###
#.......##.# #..........#
.........
#....##.#..#####.......#
###..##.#...##..........
##.##>..#.##..........
#.###..#.............
######.##...#..##.........
#...(..........##.........


You could see a gnoll shaman and 2 gnolls.

Vanquished Creatures
  Jessica (D:2)
  A worker ant (D:4)
  A gnoll (D:1)
  6 adders
  An ooze (D:1)
  A worm (D:3)
  5 dart slugs
  A leopard gecko (D:2)
  5 orcs (D:3)
  8 bats
  A giant cockroach (D:1)
  4 goblins
  9 hobgoblins
  A quokka (D:2)
  2 ball pythons
  3 frilled lizards
  8 kobolds
  7 rats
65 creatures vanquished.

Notes
Turn   | Place    | Note
-------+----------+-------------------------------------------
     0 | D:1      | Alfie the Minotaur Hunter began the quest for the Orb.
     0 | D:1      | Reached XP level 1. HP: 18/18 MP: 0/0
    15 | D:1      | Reached skill level 5 in Bows
    15 | D:1      | Reached XP level 2. HP: 25/25 MP: 1/1
   241 | D:1      | Reached XP level 3. HP: 30/30 MP: 2/2
  1020 | D:2      | Reached skill level 1 in Armour
  1020 | D:2      | Reached XP level 4. HP: 21/37 MP: 3/3
  1067 | D:2      | Noticed Jessica
  1070 | D:2      | Killed Jessica
  1179 | D:2      | Reached skill level 6 in Bows
  1717 | D:3      | Reached XP level 5. HP: 30/44 MP: 4/4
  2122 | D:4      | Noticed Alfie's ghost (amateur HuHu)
  2137 | D:4      | HP: 2/45 [gnoll shaman/club (5)]
  2150 | D:4      | Slain by a gnoll shaman

Skill      XL: |  1  2  3  4  5 |
---------------+----------------+-----
Bows           | 5 6 |  6.6
Armour         | 1 |  1.4
Fighting       | 3 |  3.3
Short Blades   | |  0.7
Dodging        | |  2.6
Stealth        | |  0.8

Action                   |  1- 3 |  4- 6 || total
-------------------------+-------+-------++-------
Melee: Short sword       |    34 |    14 ||    48
       Headbutt          |     4 |     3 ||     7
 Fire: Shortbow          |    52 |    93 ||   145
Throw: Tomahawk          |       |     6 ||     6
  Use: Scroll            |     4 |     7 ||    11
       Potion            |       |     8 ||     8
  Eat: Meat ration       |       |     1 ||     1
Armor: Leather armour    |    22 |     6 ||    28
Dodge: Dodged            |    53 |    30 ||    83
